 Dungeon Crawl Stone Soup version 0.21-a0-176-gb3d4b37 (webtiles) character file.

11953 pkoi the Arsonist (level 11, -4/74 HPs)
             Began as a Grey Draconian Fire Elementalist on Aug 8, 2017.
             Was an Elder of Vehumet.
             Slain by a red ugly thing (22 damage)
             ... on level 10 of the Dungeon.
             The game lasted 00:39:48 (13062 turns).

pkoi the Arsonist (DrFE)                           Turns: 13062, Time: 00:39:48

Health: -4/74      AC: 13    Str: 11    XL:     11   Next: 56%
Magic:  23/23      EV: 15    Int: 19    God:    Vehumet [****..]
Gold:   619        SH:  7    Dex: 11    Spells: 0/26 levels left

rFire    . . .     SeeInvis .   x - +2 dagger (venom)
rCold    + . .     Gourm    .   r - +2 buckler
rNeg     . . .     Faith    .   (armour unavailable)
rPois    .         Spirit   .   H - +0 hat
rElec    .         Reflect  .   (no cloak)
rCorr    .         Harm     .   o - +0 pair of gloves
MR       .....                  (no boots)
Stlth    ++........             (no amulet)
HPRegen  0.22/turn              D - ring of protection from cold
MPRegen  0.18/turn              M - ring of flight

@: no status effects
A: walk through water, unfitting armour, unbreathing, cold-blooded, AC +12
a: Renounce Religion, Evoke Flight


You were on level 10 of the Dungeon.
You worshipped Vehumet.
Vehumet was greatly pleased with you.
You were hungry.

You visited 2 branches of the dungeon, and saw 11 of its levels.
You also visited: Ossuary.

You collected 619 gold pieces.

Inventory:

Hand Weapons
 x - a +2 dagger of venom (weapon)
 J - the +10 war axe of the Ghost {freeze, rPois rF- Int+4}
   (You found it on level 10 of the Dungeon)

   It has been specially enchanted to freeze those struck by it, causing extra
   injury to most foes and up to half again as much damage against particularly
   susceptible opponents.
   It can also slow down cold-blooded creatures.
   It affects your intelligence (+4).
   It makes you vulnerable to fire.
   It protects you from poison.
Armour
 o - a +0 pair of gloves (worn)
 r - a +2 buckler (worn)
 H - a +0 hat (worn)
Jewellery
 D - a ring of protection from cold (left hand)
 M - a ring of flight (right hand)
Wands
 h - a wand of digging (12/24)
 y - a wand of digging (11/24)
 C - a wand of confusion (10/48)
 I - a wand of acid (11/15)
 K - a wand of iceblast (6/15)
Scrolls
 e - 9 scrolls of remove curse
 g - 8 scrolls of identify
 i - 6 scrolls of teleportation
 j - 2 scrolls of recharging
 n - 3 scrolls of enchant weapon
 w - 3 scrolls of blinking
 z - a scroll of enchant armour
Potions
 d - 5 potions of lignification
 f - 2 potions of flight
 k - 2 potions of might
 l - 2 potions of mutation
 m - 3 potions of brilliance
 q - a potion of invisibility {unknown}
 s - 2 potions of degeneration {unknown}
 t - a potion of resistance
 v - a potion of curing
 B - a potion of ambrosia
 F - a potion of agility
Books
 a - a book of Flames

   Spells                             Type                      Level
   a - Flame Tongue                   Conjuration/Fire             1
   b - Throw Flame                    Conjuration/Fire             2
   c - Conjure Flame                  Conjuration/Fire             3
   d - Inner Flame                    Hexes/Fire                   3
   e - Sticky Flame                   Conjuration/Fire             4
   f - Fireball                       Conjuration/Fire             5
 u - a book of Debilitation

   Spells                             Type                      Level
   a - Corona                         Hexes                        1
   b - Slow                           Hexes                        2
   c - Inner Flame                    Hexes/Fire                   3
   d - Portal Projectile              Hexes/Translocation          3
   e - Cause Fear                     Hexes                        4
   f - Leda's Liquefaction            Hexes/Earth                  4
 E - the Incunabulum of Clay
   (You found it on level 9 of the Dungeon)

   Spells                             Type                      Level
   a - Sandblast                      Earth                        1
   b - Stone Arrow                    Conjuration/Earth            3
   c - Bolt of Magma                  Conjuration/Fire/Earth       5
   d - Lee's Rapid Deconstruction     Earth                        5
   e - Iron Shot                      Conjuration/Earth            6
Miscellaneous
 L - a phial of floods
Comestibles
 b - 7 bread rations
 c - 5 royal jellies
 p - 3 meat rations
 A - 25 fruits
 G - 6 chunks of flesh


   Skills:
 + Level 7.2 Dodging
 - Level 1.7 Stealth
 - Level 5.6 Shields
 + Level 8.2 Spellcasting
 + Level 9.2 Conjurations
 + Level 0.3 Charms
 - Level 9.6 Fire Magic
 + Level 4.3 Earth Magic


You couldn't memorise any spells.
You knew the following spells:

 Your Spells              Type           Power        Failure   Level  Hunger
a - Flame Tongue          Conj/Fire      #####        1%          1    None
b - Conjure Flame         Conj/Fire      #####...     1%          3    None
c - Sticky Flame          Conj/Fire      #####...     1%          4    ###....
d - Fireball              Conj/Fire      #####.....   1%          5    #####..
e - Bolt of Magma         Conj/Fire/Erth #####.....   2%          5    #####..
f - Iskenderun's Battles  Conj/Chrm      ####....     10%         5    #####..
g - Stone Arrow           Conj/Erth      ####..       1%          3    None


Dungeon Overview and Level Annotations

Branches:
Dungeon (10/15)            Temple (1/1) D:4            Lair (0/6) D:8
    Orc: D:9-12

Altars:
Ashenzari
Cheibriados
Dithmenos
Elyvilon
Fedhas
Gozag
Hepliaklqana
Kikubaaqudgha
Makhleb
Nemelex Xobeh
Okawaru
Qazlal
Ru
Sif Muna
Trog
Uskayaw
Vehumet
Wu Jian
Xom
Yredelemnul
Zin
The Shining One
Jiyva

Shops:
D:9 (


Innate Abilities, Weirdness & Mutations

You can walk through water.
Your dull iron-grey scales are very hard. (AC +12)
You cannot fit into any form of body armour.
You can survive without breathing.
You are cold-blooded and may be slowed by cold attacks.


Message History

Things that are here:
a giant club; an ogre corpse You block the red ugly thing's attack.
The red ugly thing barely misses you.
Evoke which item? (* to show all) (? for menu, Esc to quit)
Okay, then.
Unknown command.
Wield which item (- for none, * to show all)? (? for menu, Esc to quit)
The +10 war axe of the Ghost {freeze, rPois rF- Int+4} stops glowing.
Your +2 dagger of venom begins to drip with poison!
x - a +2 dagger of venom (weapon)
You see here a scale mail.
You block the red ugly thing's attack.
There is an open door here.
You are feeling hungry.
There is an open door here.
The red ugly thing kicks you!
* * * LOW HITPOINT WARNING * * *
You are engulfed in flames!!
You die...

..#.###.########.##...# 8...#
#.##..........#.#
..#####.##.###.#.##...# ##
.###.......# #....##.## ..
####.##.##.###.....#.# #.
##.#.##.##........##.# #.
#......########.## .####.######.
###.###### #.# ....>.....##.
#......).# #@# #.###.##.
#..^.....# ##u## #.#......
#..##.#..# ##...## #........
#..##.#..# ##.....## ###.#.###
#..##....###.......## ##..#..#
##..#.....##.^.<.....####...##.#
...........'.........'[......#.#
##........##.........####...##.##
##......####.......## ##.....[.


You could see a red ugly thing.

Vanquished Creatures
  Erica (D:9)
  3 two-headed ogres
  A tengu warrior (D:10)
  An ugly thing (D:8)
  2 rime drakes (D:10)
  2 kobold demonologists (D:7)
  2 trolls (D:9)
  A polar bear (D:10)
  2 hippogriffs
  3 yaks (D:10)
  Sigmund (D:6)
  A wyvern (D:10)
  Grum (D:9)
  Menkaure (D:5)
  Edmund (D:5)
  A water moccasin (D:8)
  3 orc warriors
  A necrophage (D:8)
  3 ice beasts
  A black bear (D:8)
  3 phantoms
  3 wolves (D:9)
  8 ogres
  A centaur (D:8)
  3 big kobolds
  5 bullfrogs
  Blork the orc (D:6)
  A water moccasin zombie (D:6)
  4 scorpions
  7 killer bees
  3 wights (D:7)
  3 howler monkeys
  A bullfrog zombie (D:10)
  A crimson imp (D:9)
  7 hounds
  3 jellies
  9 orc priests
  3 human zombies
  A centaur skeleton (D:6)
  2 quasits
  A bullfrog skeleton (D:10)
  5 iguanas
  5 orc wizards
  10 worker ants
  A big kobold zombie (Ossuary)
  4 mummies (Ossuary)
  12 adders
  7 gnolls
  A shadow imp (D:7)
  2 adder zombies
  2 worms
  5 dart slugs
  3 leopard geckos
  58 orcs
  A ball python (D:3)
  5 giant cockroaches
  A gnoll zombie (Ossuary)
  4 goblins
  10 hobgoblins
  11 jackals
  6 quokkas
  6 bats
  9 frilled lizards
  A giant cockroach zombie (D:6)
  3 goblin zombies (Ossuary)
  A hobgoblin zombie (Ossuary)
  2 jackal zombies (Ossuary)
  24 kobolds
  2 orc zombies (Ossuary)
  A quokka skeleton (D:7)
  8 rats
312 creatures vanquished.

Vanquished Creatures (others)
  A quokka (D:8)
1 creature vanquished.

Grand Total: 313 creatures vanquished

Notes
Turn   | Place    | Note
-------+----------+-------------------------------------------
     0 | D:1      | pkoi the Draconian Fire Elementalist began the quest for the Orb.
     0 | D:1      | Reached XP level 1. HP: 14/14 MP: 3/3
   380 | D:1      | Reached XP level 2. HP: 18/20 MP: 1/5
  1020 | D:2      | Reached XP level 3. HP: 23/26 MP: 1/6
  1148 | D:2      | Learned a level 3 spell: Conjure Flame
  1780 | D:3      | Reached XP level 4. HP: 33/33 MP: 1/7
  2291 | D:3      | Reached XP level 5. HP: 38/38 MP: 3/8
  2605 | D:3      | Found an ancient bone altar of Kikubaaqudgha.
  2833 | D:3      | Reached XP level 6. HP: 39/45 MP: 3/10
  2937 | D:3      | Reached skill level 5 in Fire Magic
  3035 | D:4      | Found a shadowy altar of Dithmenos.
  3168 | D:4      | Found a sand-covered staircase.
  3393 | Ossuary  | Entered an ossuary
  3415 | Ossuary  | Your scales start taking on a dull iron-grey colour.
  3415 | Ossuary  | Reached XP level 7. HP: 41/50 MP: 4/12
  3415 | Ossuary  | Gained mutation: You can survive without breathing. [Grey Draconian growth]
  3926 | D:4      | Found a sacrificial altar of Ru.
  4160 | D:4      | HP: 2/50 [orc/mace (6)]
  4430 | D:4      | Reached skill level 5 in Conjurations
  4489 | D:4      | Learned a level 4 spell: Sticky Flame
  4653 | D:4      | Found a staircase to the Ecumenical Temple.
  4666 | Temple   | Entered the Ecumenical Temple
  4798 | Temple   | Became a worshipper of Vehumet
  4863 | D:5      | Entered Level 5 of the Dungeon
  5107 | D:5      | Noticed Edmund
  5116 | D:5      | Killed Edmund
  5116 | D:5      | Reached skill level 1 in Shields
  5241 | D:5      | Found a burning altar of Makhleb.
  5243 | D:5      | Found a glowing silver altar of Zin.
  5243 | D:5      | Noticed an angel
  5244 | D:5      | Noticed a balrug
  5271 | D:5      | Noticed Menkaure
  5311 | D:5      | Killed Menkaure
  5311 | D:5      | Reached XP level 8. HP: 45/57 MP: 8/14
  5571 | D:5      | Reached * piety under Vehumet
  5571 | D:5      | Offered knowledge of Magic Dart by Vehumet.
  6180 | D:6      | Noticed Sigmund
  6192 | D:6      | Killed Sigmund
  6192 | D:6      | Reached skill level 5 in Spellcasting
  6647 | D:6      | Reached XP level 9. HP: 62/62 MP: 5/17
  6756 | D:6      | Noticed Blork the orc
  6761 | D:6      | Killed Blork the orc
  7407 | D:7      | Offered knowledge of Sandblast by Vehumet.
  7432 | D:7      | Reached ** piety under Vehumet
  7619 | D:7      | Noticed a kobold demonologist
  7622 | D:7      | Noticed a kobold demonologist
  7647 | D:7      | Noticed a sixfirhy
  7650 | D:7      | Noticed a sixfirhy
  8072 | D:8      | Noticed a cyan ugly thing
  8097 | D:8      | Killed a cyan ugly thing
  8221 | D:7      | Killed a kobold demonologist
  8244 | D:7      | Noticed a sun demon
  8245 | D:7      | Killed a kobold demonologist
  8245 | D:7      | Reached skill level 5 in Dodging
  8260 | D:7      | Reached skill level 5 in Shields
  8341 | D:7      | Reached XP level 10. HP: 69/69 MP: 16/19
  8475 | D:7      | Offered knowledge of Searing Ray by Vehumet.
  8510 | D:7      | Upgraded the game from 0.21-a0-173-g99db44b to 0.21-a0-176-gb3d4b37
  8612 | D:7      | Found a glowing golden altar of the Shining One.
  9242 | D:8      | Found a snail-covered altar of Cheibriados.
  9301 | D:8      | Found a stormy altar of Qazlal.
  9315 | D:8      | Found a staircase to the Lair.
  9315 | D:8      | Noticed a two-headed ogre
  9352 | D:8      | Killed a two-headed ogre
  9444 | D:8      | Found a white marble altar of Elyvilon.
  9468 | D:8      | Learned a level 5 spell: Fireball
  9581 | D:8      | Reached *** piety under Vehumet
  9832 | D:8      | Found a shattered altar of Ashenzari.
 10321 | D:9      | Noticed Grum
 10337 | D:9      | HP: 3/69 [Grum/enchanted glaive (19)]
 10345 | D:9      | Killed Grum
 10648 | D:9      | Noticed Erica
 10664 | D:9      | Killed Erica
 10774 | D:9      | Identified the Incunabulum of Clay
 10782 | D:9      | Learned a level 5 spell: Bolt of Magma
 10832 | D:9      | Found a basalt altar of Yredelemnul.
 10862 | D:9      | Reached skill level 1 in Earth Magic
 11000 | D:9      | Found Ylylimi's Antique Weapon Shoppe.
 11025 | D:9      | Offered knowledge of Iskenderun's Mystic Blast by Vehumet.
 11042 | D:9      | Learned a level 4 spell: Iskenderun's Mystic Blast
 11046 | D:9      | Noticed a two-headed ogre
 11055 | D:9      | Killed a two-headed ogre
 11055 | D:9      | Reached XP level 11. HP: 74/74 MP: 14/22
 11363 | D:9      | Found a hazy altar of Hepliaklqana.
 11371 | D:9      | Found a blossoming altar of Fedhas.
 11563 | D:10     | Entered Level 10 of the Dungeon
 11884 | D:10     | Noticed a tengu warrior
 11897 | D:10     | Killed a tengu warrior
 11988 | D:10     | Noticed a frost giant
 12429 | D:10     | Reached **** piety under Vehumet
 12548 | D:10     | Learned a level 3 spell: Stone Arrow
 12667 | D:10     | Noticed a two-headed ogre
 12671 | D:10     | Killed a two-headed ogre
 12753 | D:10     | Offered knowledge of Iskenderun's Battlesphere by Vehumet.
 12789 | D:10     | Learned a level 5 spell: Iskenderun's Battlesphere
 12901 | D:10     | Got a bone war axe
 12902 | D:10     | Identified the +10 war axe of the Ghost {freeze, rPois rF- Int+4} (You found it on level 10 of the Dungeon)
 13035 | D:10     | Noticed a red ugly thing
 13062 | D:10     | Slain by a red ugly thing

Vault maps used:
D:1:      dpeg_arrival_arbitrary_b
D:3:      kiku_gazebo_pond_becter
D:4:      hangedman_ru_absence, nicolae_dithmenos_shadow_blocks,
          minmay_temple_entry_statues_fountains, first_bread, enter_ossuary_3
D:5:      grunt_temple_overflow_order_and_chaos_2, uniq_edmund, uniq_menkaure
D:6:      moated_statue, minmay_misc_feat_rows, uniq_blork_the_orc, uniq_sigmund
D:7:      tso_altar
D:8:      minmay_distorted_concentric_squares, lemuel_round_altar,
          nicolae_overflow_hidden_temple, kennysheep_mini_moat,
          elyvilon_altar_4, dpeg_oklobed_lair
D:9:      minitemple, serial_shops, nicolae_shop_crystal, uniq_grum, uniq_erica
D:10:     minmay_coctagon, grunt_tengu_nest
Temple:   pf_slime_end_temple
Ossuary:  ossuary_minmay_tomb_2a

Skill      XL: |  1  2  3  4  5  6  7  8  9 10 11 |
---------------+----------------------------------+-----
Conjurations   | 2 3 4 5 6 7 8 9 |  9.2
Fire Magic     | 4 5 6 7 9 |  9.6
Spellcasting   | 3 4 5 6 7 8 |  8.2
Dodging        | 2 3 5 6 7 |  7.2
Shields        | 1 3 5 |  5.6
Earth Magic    | 1 4 |  4.3
Stealth        | |  1.7
Charms         | |  0.3

Action                   |  1- 3 |  4- 6 |  7- 9 | 10-12 || total
-------------------------+-------+-------+-------+-------++-------
Melee: Dagger            |    16 |       |   101 |   218 ||   335
       Flail             |       |     4 |       |       ||     4
       Long sword        |       |    34 |    40 |       ||    74
       Tailslap          |       |     8 |    22 |    22 ||    52
       War axe           |       |       |       |     1 ||     1
 Cast: Flame Tongue      |    65 |   120 |   255 |   178 ||   618
       Sticky Flame      |       |       |    12 |    26 ||    38
       Conjure Flame     |       |       |     4 |    16 ||    20
       Fireball          |       |       |       |     3 ||     3
       Bolt of Magma     |       |       |       |     3 ||     3
  Use: Scroll            |     3 |     3 |     8 |     1 ||    15
       Potion            |     1 |       |     4 |     4 ||     9
 Stab: Sleeping          |       |       |     1 |     1 ||     2
  Eat: Chunk             |     4 |     5 |    16 |    19 ||    44
       Royal jelly       |       |       |     1 |       ||     1
Armor: Skin              |    16 |    54 |   111 |    63 ||   244
Dodge: Dodged            |    37 |   125 |   197 |   150 ||   509
Block: Buckler           |       |       |    70 |   100 ||   170
       Rpst.: Long sword |       |    24 |    36 |       ||    60
